 Dungeon Crawl Stone Soup version 0.28-a0-425-gd0eccab798 (webtiles) character file.

Game seed: 14391146614935436787

123554 heikuro the Warrior (level 17, -2/142 HPs)
             Began as a Formicid Fighter on Sept 9, 2021.
             Was the Champion of Okawaru.
             Slain by a redback (11 damage)
             ... on level 1 of the Spider Nest.
             The game lasted 01:16:28 (36345 turns).

heikuro the Warrior (Formicid Fighter)             Turns: 36345, Time: 01:16:28

Health: -2/142     AC: 34    Str: 26    XL:     17   Next: 45%
Magic:  27/27      EV: 10    Int: 10    God:    Okawaru [******]
Gold:   2361       SH: 18    Dex: 13    Spells: 16/16 levels left

rFire   + . .      SeeInvis +   b - +2 glaive (venom)
rCold   + . .      Faith    .   r - +0 tower shield
rNeg    . . .      Spirit   .   z - +9 scales of the Dragon King {rPois rF+ rC+ Will+}
rPois   +          Reflect  .   (helmet unavailable)
rElec   .          Harm     .   n - scarf {repulsion}
rCorr   .          Rampage  .   O - +0 pair of gloves {Str+3}
Will    ++...                   (no boots)
Stlth   ..........              X - amulet of the acrobat
HPRegen 0.33/turn               C - +4 ring of protection
MPRegen 0.20/turn               I - +4 ring of evasion

@: studying 2 skills, repel missiles
A: permanent stasis, dig shafts and tunnels, antennae 3, four strong arms
a: Dig, Shaft Self, Renounce Religion, Heroism, Finesse, Duel


You were on level 1 of the Spider Nest.
You worshipped Okawaru.
Okawaru was exalted by your worship.
You visited 5 branches of the dungeon, and saw 26 of its levels.
You also visited: Ice Cave and Volcano.

You collected 2779 gold pieces.
You spent 418 gold pieces at shops.

Inventory:

Hand Weapons
 a - a +4 glaive of flaming
 b - a +2 glaive of venom (weapon)
 u - a +3 demon trident of electrocution
 B - the +6 war axe "Diaf" {vorpal, rPois Will+ Str+4}
   (Okawaru gifted it to you on level 4 of the Lair of Beasts)

   It inflicts extra damage upon your enemies.
   Str:       It affects your strength (+4).
   rPois:     It protects you from poison.
   Will:      It increases your willpower.
 R - the +8 quarterstaff of Qazlal {vorpal, rElec}
   (You found it on level 4 of the Dungeon)

   It inflicts extra damage upon your enemies.
   rElec:     It insulates you from electricity.
Missiles
 d - 117 poisoned darts (quivered)
 l - 5 curare-tipped darts
 E - 6 throwing nets
Armour
 i - the +15 plate armour of Thoughtfulness {+Blink rN+++ rCorr Slay-3}
   (You found it on level 15 of the Dungeon)

   Slay:      It affects your accuracy & damage with ranged weapons and melee
   (-3).
   rN:        It renders you almost immune to negative energy.
   +Blink:    It lets you blink.
   rCorr:     It protects you from acid and corrosion.
 n - a scarf of repulsion (worn)
 r - a +0 tower shield (worn)
 z - the +9 scales of the Dragon King (worn) {rPois rF+ rC+ Will+}
   (You found it on level 4 of the Lair of Beasts)

   rF:        It protects you from fire.
   rC:        It protects you from cold.
   rPois:     It protects you from poison.
   Will:      It increases your willpower.
 H - the +1 pair of boots of Ixyihena {rElec Str+3 Dex+2}
   (Okawaru gifted it to you on level 6 of the Lair of Beasts)

   Str:       It affects your strength (+3).
   Dex:       It affects your dexterity (+2).
   rElec:     It insulates you from electricity.
 O - a +0 pair of gloves of strength (worn)
 Q - the +1 scale mail "Qeixuts" {Drain rC+ Will+++ Regen+}
   (You found it on level 10 of the Dungeon)

   rC:        It protects you from cold.
   Regen:     It increases your rate of health regeneration.
   Drain:     It drains your maximum health when unequipped.
   Will:      It greatly increases your willpower.
 S - a +1 pair of boots of flying
Jewellery
 h - a ring of protection from fire
 s - an amulet of reflection
 A - a ring of poison resistance
 C - a +4 ring of protection (left hand)
 G - a ring of ice
 I - a +4 ring of evasion (right hand)
 X - an amulet of the acrobat (around neck)
Wands
 m - a wand of iceblast (31)
 t - a wand of acid (14)
 w - a wand of digging (3)
 L - a wand of flame (120)
 T - a wand of paralysis (33)
 V - a wand of mindburst (19)
 Z - a wand of polymorph (7)
Scrolls
 e - 4 scrolls of fog
 f - 3 scrolls of enchant weapon
 g - 5 scrolls of immolation
 j - 2 scrolls of silence
 k - a scroll of holy word
 F - a scroll of magic mapping
 U - a scroll of fear
 W - 3 scrolls of enchant armour
Potions
 c - 3 potions of invisibility
 p - 3 potions of flight
 q - 4 potions of cancellation
 x - 5 potions of lignification
 D - a potion of mutation
 J - 3 potions of curing
 K - 3 potions of might
 M - a potion of resistance
 N - a potion of ambrosia
Miscellaneous
 o - a lightning rod (4/4)
 y - a piece from Xom's chessboard (15/15)
 Y - a phial of floods


   Skills:
 + Level 15.5 Fighting
 - Level 7.4 Long Blades
 + Level 14.8 Polearms
 + Level 14.1 Armour
 - Level 15.0 Shields
 + Level 13.6 Invocations


You had 16 spell levels left.
You didn't know any spells.
Your spell library contained the following spells:

 Spells                   Type           Power      Damage    Failure   Level
 Foxfire                  Conj/Fire      0%         2x1d4     100%        1
 Magic Dart               Conj           0%         1d3       100%        1
 Pain                     Necr           0%         1d4       100%        1
 Sandblast                Erth           0%         2d4       100%        1
 Shock                    Conj/Air       0%         1d3       100%        1
 Corpse Rot               Necr/Air       N/A        N/A       100%        2
 Passwall                 Tmut/Erth      0%         N/A       100%        2
 Poisonous Vapours        Pois/Air       0%         N/A       100%        2
 Searing Ray              Conj           0%         2d4       100%        2
 Sublimation of Blood     Necr           0%         N/A       100%        2
 Wereblood                Tmut           0%         N/A       100%        2
 Conjure Flame            Conj/Fire      0%         6-21      100%        3
 Inner Flame              Hex/Fire       0%         N/A       100%        3
 Lesser Beckoning         Tloc           0%         N/A       100%        3
 Stone Arrow              Conj/Erth      0%         3d7       100%        3
 Vampiric Draining        Necr           0%         2d6       100%        3
 Airstrike                Air            0%         N/A       100%        4
 Flame Wave               Conj/Fire      0%         3d3       100%        4
 Fulminant Prism          Conj/Hex       0%         3d6       100%        4
 Agony                    Necr           0%         N/A       100%        5
 Borgnjor's Vile Clutch   Necr/Erth      0%         N/A       100%        5
 Excruciating Wounds      Necr           0%         N/A       100%        5
 Freezing Cloud           Conj/Ice/Air   0%         6-21      100%        5
 Manifold Assault         Tloc           0%         N/A       100%        5
 Invisibility             Hex            0%         N/A       100%        6
 Statue Form              Tmut/Erth      0%         N/A       100%        6
 Animate Skeleton         Necr           Unusable   N/A       N/A         1
 Blink                    Tloc           Unusable   N/A       N/A         2
 Swiftness                Air            Unusable   N/A       N/A         3
 Summon Ice Beast         Ice/Summ       Unusable   N/A       N/A         4
 Simulacrum               Ice/Necr       Unusable   N/A       N/A         6
 Summon Hydra             Summ           Unusable   N/A       N/A         7

Dungeon Overview and Level Annotations

Branches:
Dungeon (15/15)            Temple (1/1) D:7            Lair (6/6) D:8
  Swamp (0/4) Lair:2       Spider (2/4) Lair:3        Slime (0/5) Lair:5
    Orc (2/2) D:12            Elf (0/3) Orc:2        Vaults (0/5) D:14
 Depths (0/5) D:15          IceCv (visited)         Volcano (visited)

Altars:
Ashenzari
Cheibriados
Dithmenos
Elyvilon
Fedhas
Gozag
Hepliaklqana
Kikubaaqudgha
Makhleb
Nemelex Xobeh
Okawaru
Qazlal
Ru
Sif Muna
Trog
Uskayaw
Vehumet
Wu Jian
Xom
Yredelemnul
Zin
The Shining One
Beogh
Jiyva

Shops:
D:8 !   D:11 (   Orc:2 ([:*

Annotations:
D:13 1 runed translucent door, SirDiesAlot's ghost, journeyman MiFi
Lair:3 2 transporters, Phlounder's ghost, journeyman DjFE
Lair:6 3 runed translucent doors, Dittersdorf's ghost, journeyman GrFi


Innate Abilities, Weirdness & Mutations

You cannot be hasted, slowed, berserked, paralysed or teleported.
You can dig through walls and to a lower floor.
You have a pair of large antennae on your head. (SInv)
Your four strong arms can wield two-handed weapons with a shield.


Message History

The wolf spider is heavily wounded.
You feel sick.
The wolf spider hits you but does no damage.
The wolf spider bites you but does no damage.
The tarantella bites you but does no damage.
You feel sick. The tarantella completely misses you.
The wolf spider misses you. The wolf spider completely misses you.
You barely miss the tarantella.
The tarantella is severely wounded.
You feel sick. The tarantella bites you. The wolf spider hits you!
The wolf spider bites you but does no damage.
The redback bites you but does no damage.
Found a scroll of enchant armour.
You feel sick. The wolf spider completely misses you.
The wolf spider misses you.
You are caught in the web!
You feel less confused.
You feel sick.
You are no longer poisoned.
The wolf spider hits you!
* * * LOW HITPOINT WARNING * * *
The wolf spider bites you but does no damage.
There is a web, spattered with blood here.
You disentangle yourself.
You block the tarantella's attack. The wolf spider hits you!
* * * LOW HITPOINT WARNING * * *
The wolf spider bites you but does no damage.
The redback bites you but does no damage.
You block the tarantella's attack.
You closely miss the tarantella.
The tarantella is heavily wounded.
The wolf spider hits you.
* * * LOW HITPOINT WARNING * * *
The wolf spider barely misses you. The redback bites you.
* * * LOW HITPOINT WARNING * * *
The tarantella bites you.
* * * LOW HITPOINT WARNING * * *
You block the wolf spider's attack. The wolf spider bites you.
* * * LOW HITPOINT WARNING * * *
The redback bites you!
You die...

########################
.....^.................#
....^....#.....#......##
....#.............#.....
.....†................?#
.##.............s.......
†..†...^#...#..s@.....#
.>............#s#..#....
##..........)...#..... #
#...##...#....#...#...#
##^.≈≈≈≈≈≈≈≈..........#
##≈≈≈≈≈≈≈≈≈≈..........#
# ≈≈≈######≈≈≈...... ..#
.#≈≈## ##≈≈##.......#
..≈≈# ##≈≈. ...


You could see a wolf spider (poisoned), a tarantella and a redback (poisoned).

Vanquished Creatures
  Saint Roka (Orc:2)
  Jorgrun (D:12)
  Gastronok (Orc:1)
  Frances (Arena)
  An azure jelly (IceCv)
  Roxanne (Spider:1)
  A stone giant (D:14)
  2 quicksilver oozes (IceCv)
  A dire elephant (Lair:4)
  Nessos (Orc:2)
  Snorg (D:14)
  A yaktaur captain (D:13)
  An ice dragon (Lair:4)
  6 hydras
  Harold (Lair:2)
  2 catoblepae
  5 centaur warriors
  4 boulder beetles
  Erica (Lair:2)
  7 two-headed ogres
  4 tengu warriors
  2 death knights
  Urug (Orc:2)
  An orc high priest (Orc:2)
  Nergalle (Orc:2)
  8 skeletal warriors
  The ghost of Manisian the Caller, a novice OpSu of the Shining One (D:7)
  3 orc knights (Orc:2)
  3 deep elf pyromancers
  7 wolf spiders
  4 orc sorcerers
  3 orb spiders (Spider:1)
  12 ugly things
  3 cyclopes
  5 manticores
  10 elephants
  5 black mambas
  3 molten gargoyles
  Joseph (D:10)
  3 torpor snails (Lair:3)
  An ice statue (IceCv)
  A smoke demon (Volcano)
  A gargoyle (D:12)
  A torpor snail (shapeshifter) (D:14)
  11 cane toads
  4 rime drakes
  A freezing wraith (D:14)
  2 yaktaurs
  An unseen horror (D:12)
  12 komodo dragons
  A kobold demonologist (D:12)
  6 entropy weaver simulacra (IceCv)
  A tengu conjurer (D:7)
  3 demonic crawlers
  5 trolls
  A red devil (Volcano)
  8 jumping spiders
  6 polar bears (Lair:6)
  6 hornets
  25 slime creatures
  Grinder (D:4)
  5 blink frogs (Lair:5)
  18 dream sheep
  2 wraiths (D:11)
  7 wyverns
  2 vampires
  9 redbacks
  12 spriggans (Lair:6)
  47 yaks
  8 tarantellas
  2 fire bats (Volcano)
  5 basilisks
  A hog (shapeshifter) (D:13)
  4 vampire mosquitoes (D:12)
  3 steam dragons
  A death yak simulacrum (Lair:3)
  9 wargs
  A demonic crawler simulacrum (IceCv)
  2 acid dragons
  3 hell hounds (Volcano)
  7 water moccasins
  3 ugly thing simulacra (IceCv)
  2 ice beasts
  A necrophage (D:5)
  A black bear (shapeshifter) (D:13)
  22 orc warriors
  15 wolves (Lair:6)
  4 black bears (Lair:6)
  7 boggarts
  13 centaurs
  2 phantoms
  3 kobold brigands
  3 bullfrogs
  A gnoll sergeant (D:7)
  5 scorpions
  2 glowing shapeshifter simulacra (IceCv)
  An elephant simulacrum (Lair:3)
  21 killer bees
  10 wights
  A howler monkey (D:7)
  2 bullfrog zombies (D:5)
  8 lava snakes
  The ghost of yellowboar the Gusty, a weakling DEAE (D:3)
  A centaur zombie (D:9)
  5 hounds
  15 orc priests
  2 iguanas
  2 centaur skeletons
  5 gnoll shamans
  A jelly (D:5)
  A bullfrog skeleton (D:6)
  Jessica (D:2)
  23 orc wizards
  5 hell rats (Lair:4)
  A wolf simulacrum (Lair:3)
  A howler monkey zombie (D:4)
  Robin (D:2)
  20 gnolls
  8 adders
  A shadow imp (D:6)
  5 white imps
  An ufetubus (D:4)
  An adder skeleton (D:4)
  8 worms
  3 dart slugs
  56 orcs
  6 bats
  12 endoplasms
  7 giant cockroaches
  13 goblins
  9 hobgoblins
  6 quokkas
  6 ball pythons
  6 frilled lizards
  22 kobolds
  4 rats
752 creatures vanquished.

Vanquished Creatures (others)
  A demonic crawler simulacrum (IceCv)
  2 ugly thing simulacra (IceCv)
  A kobold (D:3)
  18 fungi
  22 plants
  10 toadstools (Lair:4)
54 creatures vanquished.

Grand Total: 806 creatures vanquished

Notes
Turn   | Place    | Note
-------+----------+-------------------------------------------
     0 | D:1      | heikuro the Formicid Fighter began the quest for the Orb.
     0 | D:1      | Reached XP level 1. HP: 18/18 MP: 1/1
    30 | D:1      | Reached XP level 2. HP: 24/24 MP: 2/2
   267 | D:1      | Reached XP level 3. HP: 29/29 MP: 3/3
   636 | D:1      | Found a faded altar of an unknown god.
   872 | D:2      | Noticed Jessica
   889 | D:2      | Killed Jessica
   890 | D:2      | Reached XP level 4. HP: 3/37 MP: 4/4
  1324 | D:2      | Reached XP level 5. HP: 31/42 MP: 5/5
  1638 | D:2      | Noticed Robin
  1665 | D:2      | Killed Robin
  2353 | D:3      | Found a bloodstained altar of Trog.
  2361 | D:3      | Found an ancient bone altar of Kikubaaqudgha.
  2365 | D:3      | Found a radiant altar of Vehumet.
  2365 | D:3      | Found a white marble altar of Elyvilon.
  2698 | D:3      | Found a runed translucent gate.
  2700 | D:3      | Found a runed translucent gate.
  2701 | D:3      | Found a runed translucent gate.
  2703 | D:3      | Noticed yellowboar's ghost (weakling DEAE)
  2703 | D:3      | Noticed a kobold brigand
  3282 | D:4      | HP: 1/43 [iguana (2)]
  3350 | D:4      | Reached XP level 6. HP: 49/49 MP: 6/6
  4586 | D:4      | Noticed Grinder
  4591 | D:4      | Reached XP level 7. HP: 55/55 MP: 7/7
  4605 | D:4      | Killed Grinder
  4606 | D:4      | Reached skill level 5 in Fighting
  4606 | D:4      | Reached skill level 5 in Long Blades
  4606 | D:4      | Reached skill level 5 in Armour
  5007 | D:5      | Entered Level 5 of the Dungeon
  5398 | D:5      | Reached skill level 5 in Shields
  5398 | D:5      | Reached XP level 8. HP: 46/62 MP: 8/8
  5710 | D:5      | You fall into a shaft and drop 2 floors!
  6742 | D:5      | Reached XP level 9. HP: 63/69 MP: 9/9
  7181 | D:4      | Identified the +8 quarterstaff of Qazlal {vorpal, rElec}
  7602 | D:6      | Reached skill level 1 in Polearms
  8717 | D:7      | Noticed Manisian's ghost (novice OpSu)
  8718 | D:7      | Found a runed translucent gate.
  8718 | D:7      | Noticed a tengu conjurer
  8719 | D:7      | Found a runed translucent gate.
  8719 | D:7      | Found a runed translucent gate.
  9236 | D:7      | Found a staircase to the Ecumenical Temple.
  9252 | Temple   | Entered the Ecumenical Temple
  9606 | Temple   | Became a worshipper of Warmaster Okawaru
  9748 | D:7      | Reached skill level 1 in Invocations
 10207 | D:8      | Reached XP level 10. HP: 63/79 MP: 11/11
 10354 | D:8      | Found a staircase to the Lair.
 10396 | D:7      | HP: 3/79 [warg (2)]
 10739 | D:7      | Reached * piety under Okawaru
 11404 | D:8      | Found Vizoyfio's Distillery.
 11469 | D:8      | Reached skill level 5 in Polearms
 12805 | D:9      | Noticed a two-headed ogre
 12814 | D:9      | Killed a two-headed ogre
 12814 | D:9      | Reached ** piety under Okawaru
 12945 | D:9      | Noticed a centaur warrior
 12957 | D:9      | Killed a centaur warrior
 12958 | D:9      | Reached XP level 11. HP: 52/87 MP: 14/14
 13221 | D:10     | Entered Level 10 of the Dungeon
 13228 | D:10     | Reached *** piety under Okawaru
 13470 | D:3      | Killed yellowboar's ghost
 13850 | D:10     | Reached skill level 5 in Invocations
 14410 | D:10     | Reached **** piety under Okawaru
 14577 | D:10     | Noticed Joseph
 14581 | D:10     | Killed Joseph
 14708 | D:10     | Identified the +1 scale mail "Qeixuts" {Drain rC+ Will+++
                  | Regen+}
 15119 | D:11     | Found Liug's Antique Weapon Emporium.
 15120 | D:11     | Noticed a death knight
 15198 | D:11     | Killed a death knight
 15255 | D:11     | Noticed a two-headed ogre
 15266 | D:11     | Killed a two-headed ogre
 15266 | D:11     | Reached ***** piety under Okawaru
 15292 | D:11     | Bought a glowing glaive for 209 gold pieces
 15300 | D:11     | Bought a glowing glaive for 209 gold pieces
 15328 | D:11     | Noticed a two-headed ogre
 15344 | D:11     | Killed a two-headed ogre
 15350 | D:11     | Noticed a two-headed ogre
 15374 | D:11     | Killed a two-headed ogre
 15375 | D:11     | Reached XP level 12. HP: 71/95 MP: 16/16
 15516 | D:11     | Found a broken altar of Ashenzari.
 15555 | D:11     | Noticed a two-headed ogre
 15567 | D:11     | Killed a two-headed ogre
 15848 | D:12     | Reached skill level 10 in Shields
 15947 | D:12     | Noticed Jorgrun
 15963 | D:12     | Killed Jorgrun
 15963 | D:12     | Received a gift from Okawaru
 15970 | D:12     | Reached skill level 10 in Armour
 16042 | D:12     | Noticed a two-headed ogre
 16054 | D:12     | Killed a two-headed ogre
 16055 | D:12     | Reached skill level 10 in Fighting
 16055 | D:12     | Reached skill level 10 in Polearms
 16238 | D:12     | Found a staircase to the Orcish Mines.
 16379 | D:12     | Reached XP level 13. HP: 96/103 MP: 18/18
 16520 | D:12     | Noticed a seven-headed hydra
 16530 | D:12     | Killed a three-headed hydra
 16637 | D:12     | Reached ****** piety under Okawaru
 16737 | D:12     | Noticed Frances
 16751 | Arena    | Entered the Arena
 16759 | Arena    | Killed Frances
 16759 | Arena    | Received a gift from Okawaru
 17142 | D:13     | Found a runed translucent door.
 17142 | D:13     | Noticed SirDiesAlot's ghost (journeyman MiFi)
 17151 | D:13     | Noticed a centaur warrior
 17163 | D:13     | Killed a centaur warrior
 17500 | D:13     | Noticed a centaur warrior
 17514 | D:13     | Killed a centaur warrior
 17842 | D:13     | Noticed a centaur warrior
 17854 | D:13     | Killed a centaur warrior
 18418 | D:13     | Reached XP level 14. HP: 89/113 MP: 21/21
 18511 | D:14     | Found a gate to the Vaults.
 18648 | D:13     | Received a gift from Okawaru
 18728 | D:14     | Noticed Snorg
 18741 | D:14     | Killed Snorg
 18901 | D:14     | Found a hide-covered altar of Uskayaw.
 19083 | D:14     | Reached skill level 10 in Invocations
 19586 | D:15     | Entered Level 15 of the Dungeon
 20307 | D:15     | Noticed a stone giant
 20390 | D:14     | Killed a stone giant
 20390 | D:14     | Received a gift from Okawaru
 20486 | D:15     | Found a staircase to the Depths.
 20766 | D:15     | Identified the +15 plate armour of Thoughtfulness {+Blink
                  | rN+++ rCorr Slay-3}
 21146 | D:7      | Killed Manisian's ghost
 21261 | Lair:1   | Entered Level 1 of the Lair of Beasts
 21304 | Lair:1   | Reached XP level 15. HP: 102/102 MP: 23/23
 21921 | Lair:2   | Noticed Harold
 21940 | Lair:2   | Killed Harold
 22343 | Lair:2   | Noticed Erica
 22354 | Lair:2   | Killed Erica
 22724 | Lair:2   | Found a staircase to the Swamp.
 23270 | Lair:3   | Found a frozen archway.
 23324 | IceCv    | Entered an ice cave
 23847 | IceCv    | Noticed a quicksilver ooze
 23855 | IceCv    | Killed a quicksilver ooze
 24039 | IceCv    | Found a viscous altar of Jiyva.
 24039 | IceCv    | Noticed an azure jelly
 24047 | IceCv    | Killed an azure jelly
 24111 | IceCv    | Received a gift from Okawaru
 24517 | IceCv    | HP: 4/122 [very large slime creature (32)]
 24525 | IceCv    | HP: 5/122 [large slime creature (21)]
 24578 | IceCv    | Got Sif Muna's Compendium of Snow
 25001 | IceCv    | Noticed a quicksilver ooze
 25009 | IceCv    | Killed a quicksilver ooze
 25311 | Lair:3   | Found a transporter.
 25539 | Lair:3   | Found a hole to the Spider Nest.
 25857 | Lair:3   | Identified a scroll of acquirement
 26030 | Lair:3   | Acquired a manual of Fighting
 26054 | Lair:3   | Noticed Phlounder's ghost (journeyman DjFE)
 26065 | Lair:3   | Found a transporter.
 26395 | Lair:3   | Found a snail-covered altar of Cheibriados.
 27368 | Lair:4   | Found the +9 scales of the Dragon King {rPois rF+ rC+
                  | Will+}
 27400 | Lair:4   | Found a runed translucent door.
 27705 | Lair:4   | Identified the +6 war axe "Diaf" {vorpal, rPois Will+
                  | Str+4} (Okawaru gifted it to you on level 4 of the Lair of
                  | Beasts)
 27705 | Lair:4   | Received a gift from Okawaru
 27706 | Lair:4   | Reached XP level 16. HP: 79/125 MP: 24/24
 28731 | Lair:5   | Found a viscous altar of Jiyva.
 28731 | Lair:5   | Found a staircase to the Slime Pits.
 29050 | Lair:5   | Received a gift from Okawaru
 29632 | Lair:6   | Entered Level 6 of the Lair of Beasts
 30012 | Lair:6   | Identified the +1 pair of boots of Ixyihena {rElec Str+3
                  | Dex+2} (Okawaru gifted it to you on level 6 of the Lair of
                  | Beasts)
 30012 | Lair:6   | Received a gift from Okawaru
 30206 | Lair:6   | Reached skill level 15 in Shields
 30871 | Lair:6   | Found a runed translucent gate.
 30871 | Lair:6   | Found a runed translucent gate.
 30871 | Lair:6   | Found a runed translucent gate.
 30872 | Lair:6   | Noticed Dittersdorf's ghost (journeyman GrFi)
 31186 | Orc:1    | Entered Level 1 of the Orcish Mines
 31399 | Orc:1    | Noticed Gastronok
 31408 | Orc:1    | Killed Gastronok
 31711 | Orc:2    | Entered Level 2 of the Orcish Mines
 31711 | Orc:2    | Noticed Urug
 31711 | Orc:2    | Found a staircase to the Elven Halls.
 31727 | Orc:2    | Killed Urug
 31769 | Orc:2    | Found a dark tunnel.
 31777 | Volcano  | Entered a volcano
 31852 | Volcano  | Found a burning altar of Makhleb.
 32441 | Orc:2    | Noticed Nergalle
 32475 | Orc:2    | Killed Nergalle
 32923 | Orc:2    | Reached XP level 17. HP: 90/140 MP: 26/26
 33088 | Orc:2    | Noticed Saint Roka
 33130 | Orc:2    | Killed Saint Roka
 33532 | Orc:2    | Found Qeeh's General Store.
 33560 | Orc:2    | Found Imainere's Antique Armour Shop.
 33753 | Orc:2    | Noticed Nessos
 33780 | Orc:2    | Killed Nessos
 34213 | Orc:2    | Found Pypetiz's Antique Weapon Shop.
 34228 | Orc:2    | Found Usmor's Book Shop.
 34648 | Spider:1 | Entered Level 1 of the Spider Nest
 34648 | Spider:1 | Identified Roxanne's Grimoire of Clay
 34648 | Spider:1 | Noticed Roxanne
 34683 | Lair:3   | Reached skill level 15 in Fighting
 35238 | Spider:1 | Received a gift from Okawaru
 35270 | Spider:1 | Killed Roxanne
 35540 | Lair:3   | Identified the +4 great sword of Casosche {vorpal, Dex+3}
                  | (Okawaru gifted it to you on level 3 of the Lair of Beasts)
 35540 | Lair:3   | Received a gift from Okawaru
 36345 | Spider:1 | Slain by a redback

Illustrated notes

Levels and vault maps discovered:
D:1:      evilmike_arrival_plus, layout_rooms, shapermc_ecumenical_altar_petra,
          minmay_pentomino_o4
D:2:      layout_rooms, corexii_shack, uniq_robin, uniq_jessica
D:3:      layout_loops_corners, nicolae_overflow_hidden_temple,
          gammafunk_ghost_nasty_kobolds, minmay_mini_jars
D:4:      layout_cave_pods, uniq_grinder
D:5:      layout_basic
D:6:      layout_basic
D:7:      layout_loops_cross, minmay_temple_entry_antechambers,
          gammafunk_ghost_split
D:8:      layout_cave_pods, erik_lair_orcish_takeover, serial_shops,
          nicolae_shop_stone
D:9:      layout_loops_ring
D:10:     layout_roguey, uniq_joseph
D:11:     layout_big_octagon, serial_shops, nicolae_shop_waterfront,
          evilmike_ruin_ashenzari
D:12:     layout_gridville, orc_0_dummy, uniq_frances, uniq_jorgrun
D:13:     minmay_evil_eye, layout_loops_ring, hellmonk_ghost_big_iron
D:14:     layout_small_grid, david_vaults_2, nicolae_uskayaw_en_pointe,
          uniq_snorg
D:15:     grunt_enter_depths_snipers, layout_basic, dk_noncrumbling_4
Temple:   hc_temple_tempest_star
Lair:1:   layout_misc_corridors
Lair:2:   layout_hall_layers, swamp_mist, lemuel_fruit_fields,
          grunt_megastairs_1, uniq_harold, uniq_erica
Lair:3:   layout_chaotic_city, nicolae_spider_entry_non_spiders,
          gammafunk_ghost_hive, portal_ice_cave_entry_ice_simulacra,
          kennysheep_snail_temple
Lair:4:   gammafunk_lair_enchanted_lake, layout_cave_shapes,
          bobbens_ice_dragon_lair
Lair:5:   layout_loops_ring, slime_altar_1, beast_lair_carwin_3
Lair:6:   minmay_lair_end_enchanted_forest, layout_cave_shapes,
          gammafunk_ghost_necromancy
Spider:1: layout_spider_delve, hive_lemuel, hangedman_spider_tarantella_strand,
          uniq_roxanne
Spider:2: layout_spider_delve
Orc:1:    layout_caves, basic_altar, nicolae_orc_lost_temple, uniq_gastronok
Orc:2:    grunt_orc_cross, layout_diamond_mine, nicolae_volcano_entry_two_sided,
          uniq_urug, uniq_nessos, uniq_saint_roka

Skill      XL: |  1  2  3  4  5  6  7  8  9 10 11 12 13 14 15 16 17 |
---------------+----------------------------------------------------+-----
Long Blades    | 3 4 5 7 |  7.4
Fighting       | 4 5 6 7 8 9 10 11 12 14 15 | 15.5
Armour         | 4 5 6 7 8 9 10 11 12 13 14 | 14.1
Shields        | 4 5 6 7 8 9 10 11 12 14 15 | 15.0
Polearms       | 4 6 8 10 11 13 14 | 14.8
Invocations    | 1 4 6 7 9 10 11 12 13 | 13.6

Action                   |  1- 3 |  4- 6 |  7- 9 | 10-12 | 13-15 | 16-18 || total
-------------------------+-------+-------+-------+-------+-------+-------++-------
Melee: Long sword        |    91 |   237 |   170 |       |       |       ||   498
       Whip              |       |       |    56 |       |       |       ||    56
       Quarterstaff      |       |       |   114 |    98 |       |       ||   212
       Halberd           |       |       |    16 |   125 |       |       ||   141
       Dagger            |       |       |       |   133 |       |       ||   133
       Glaive            |       |       |       |   159 |   976 |  1001 ||  2136
Throw: Dart              |       |       |     6 |     5 |       |       ||    11
Invok: Heroism           |       |       |       |     3 |     5 |       ||     8
       Duel              |       |       |       |       |     1 |       ||     1
       Finesse           |       |       |       |       |     1 |       ||     1
 Abil: Dig               |       |     4 |     2 |     2 |    11 |     3 ||    22
Evoke: Piece from Xom's  |       |       |       |     2 |       |       ||     2
       Wand              |       |       |       |       |     2 |       ||     2
  Use: Scroll            |       |     6 |     3 |     7 |     8 |     4 ||    28
       Potion            |       |     3 |     1 |     1 |     2 |       ||     7
 Stab: Paralysed         |       |       |       |     2 |       |       ||     2
       Petrified         |       |       |       |       |     8 |       ||     8
       Petrifying        |       |       |       |       |     2 |       ||     2
Armor: Scale mail        |    32 |    27 |       |    47 |   172 |       ||   278
       Chain mail        |       |    88 |   175 |   117 |       |       ||   380
       Plate armour      |       |       |       |       |   306 |       ||   306
       Gold dragon scale |       |       |       |       |    19 |   404 ||   423
Dodge: Dodged            |    45 |    87 |    82 |   160 |   388 |   293 ||  1055
       Repelled          |       |       |       |     4 |     8 |     7 ||    19
Block: Buckler           |    14 |    35 |       |       |       |       ||    49
       Tower shield      |       |    87 |   324 |   457 |   653 |   805 ||  2326

Table legend: (Time is in decaauts)
 A = Elapsed time spent in this place.
 B = Non-inter-level travel time spent in this place.
 C = Inter-level travel time spent in this place.
 D = Time resting spent in this place.
 E = Time spent auto-exploring this place.
 F = Levels seen in this place.
 G = Mean time per level.
                   A        B        C        D        E       F      G
               +--------+--------+--------+--------+--------+-----+--------+
         Total |  36912 |  34483 |   2429 |  10789 |  14398 |  29 | 1272.8 |
       Dungeon |  21623 |  19671 |   1952 |   5490 |   8595 |  15 | 1441.5 |
        Temple |    381 |    321 |     60 |      0 |    282 |   1 |  381.0 |
          Lair |   8697 |   8347 |    350 |   2589 |   3903 |   6 | 1449.5 |
   Spider Nest |    984 |    984 |      0 |    373 |    247 |   2 |  492.0 |
  Orcish Mines |   2719 |   2654 |     65 |    916 |   1065 |   2 | 1359.5 |
      Ice Cave |   1919 |   1919 |      0 |   1365 |     26 |   1 | 1919.0 |
       Volcano |    565 |    565 |      0 |     49 |    280 |   1 |  565.0 |
         Arena |     21 |     21 |      0 |      7 |      0 |   1 |   21.0 |
               +--------+--------+--------+--------+--------+-----+--------+

Top non-repeatable levels by time:
  Lair:3: 2711 daAuts
   Orc:2: 2175 daAuts
     D:7: 2013 daAuts
     D:3: 1923 daAuts
   IceCv: 1919 daAuts
     D:6: 1848 daAuts
     D:5: 1831 daAuts
    D:13: 1531 daAuts
     D:4: 1513 daAuts
     D:9: 1503 daAuts
     D:8: 1474 daAuts
    D:12: 1447 daAuts
    D:10: 1434 daAuts
    D:14: 1347 daAuts
  Lair:2: 1339 daAuts
